 Dungeon Crawl Stone Soup version 0.28.0-53-g5a82cb258f (webtiles) character file.

Game seed: 6656182014996871065

3246 buhh the Fighter (level 9, -3/79 HPs)
             Began as an Octopode Transmuter on June 17, 2022.
             Was an Initiate of Cheibriados.
             Killed from afar by an acid dragon (17 damage)
             ... with a splash of acid
             ... on level 9 of the Dungeon.
             The game lasted 00:31:04 (13443 turns).

buhh the Fighter (Octopode Transmuter)             Turns: 13443, Time: 00:31:05

Health: -3/79      AC:  8    Str: 10    XL:     9   Next: 99%
Magic:  11/12      EV: 14    Int: 21    God:    Cheibriados [......]
Gold:   398        SH:  0    Dex: 13    Spells: 0/12 levels left

rFire   x . .      SeeInvis +     - Unarmed
rCold   + + +      Faith    .   (shield currently unavailable)
rNeg    . . .      Spirit   .   (helmet currently unavailable)
rPois   +          Reflect  .   (no amulet)
rElec   .          Harm     .   o - ring of see invisible
rCorr   .          Rampage  .   u - ring of protection from cold
Will    .....                   q - +4 ring of evasion
Stlth   +.........              (no ring)
HPRegen 0.23/turn               (no ring)
MPRegen 0.13/turn               (no ring)
                                (no ring)
                                (no ring)

@: confused, ice-form, very slow
A: freezing attack, boosted hp, almost no armour, amphibious, 8 rings, large,
(camouflage 1), (gelatinous body 1), (nimble swimmer 1), (tentacles)
a: End Transformation, Renounce Religion


You were on level 9 of the Dungeon.
You worshipped Cheibriados.
Cheibriados was noncommittal.
You were a creature of crystalline ice.
You visited 2 branches of the dungeon, and saw 10 of its levels.

You collected 398 gold pieces.

Inventory:

Missiles
 b - 28 poisoned darts
 l - a curare-tipped dart
Magical Staves
 e - a staff of death
Jewellery
 g - a ring of ice
 o - a ring of see invisible (left front paw)
 q - a +4 ring of evasion (on tentacle)
 u - a ring of protection from cold (right front paw)
 w - an amulet of faith {!P}
 y - a ring of willpower
Wands
 v - a wand of flame (14)
 F - a wand of iceblast (6)
Scrolls
 m - a scroll of enchant armour {unknown}
 n - a scroll of noise {unknown}
 p - a scroll of vulnerability {unknown}
 r - 2 scrolls of enchant weapon {unknown}
 s - 3 scrolls of silence {!r}
 t - 5 scrolls of teleportation {!d}
 x - a scroll of blinking {unknown}
 B - a scroll of magic mapping {unknown}
 C - a scroll of amnesia {unknown}
 D - a scroll of fear {!r}
 E - a scroll of torment {unknown}
 G - a scroll of brand weapon {unknown}
Potions
 c - 2 potions of cancellation {unknown}
 d - a potion of flight {unknown}
 f - a potion of might
 h - a potion of curing {unknown}
 i - a potion of lignification {unknown}
 j - a potion of resistance {unknown}
 k - 2 potions of brilliance {unknown}
 z - a potion of attraction {unknown}
 A - a potion of haste {unknown}


   Skills:
 * Level 8.0 Fighting
 - Level 2.0 Dodging
 - Level 1.0 Stealth
 * Level 5.3 Unarmed Combat
 - Level 2.0 Spellcasting
 * Level 7.2 Transmutations
 * Level 7.2 Ice Magic


You couldn't memorise any spells.
You knew the following spells:

 Your Spells              Type           Power      Damage    Failure   Level
a - Beastly Appendage     Tmut           64%        N/A       1%          1
b - Wereblood             Tmut           32%        N/A       1%          2
c - Spider Form           Tmut/Pois      17%        N/A       10%         3
d - Ice Form              Ice/Tmut       32%        N/A       8%          4
e - Blink                 Tloc           4%         N/A       22%         2

Your spell library contained the following spells:

 Spells                   Type           Power      Damage    Failure   Level
 Ensorcelled Hibernation  Hex/Ice        34%        N/A       4%          2
 Blade Hands              Tmut           16%        N/A       21%         5
 Sublimation of Blood     Necr           2%         N/A       22%         2
 Portal Projectile        Hex/Tloc       4%         N/A       41%         3
 Anguish                  Hex/Necr       1%         N/A       82%         4
 Fulminant Prism          Conj/Hex       1%         3d6       82%         4
 Iskenderun's Mystic Bla  Conj/Tloc      2%         2d3       82%         4
 Excruciating Wounds      Necr           1%         N/A       99%         5
 Lee's Rapid Deconstruct  Erth           1%         3d5*      99%         5
 Manifold Assault         Tloc           2%         N/A       99%         5
 Storm Form               Tmut/Air       8%         N/A       100%        7
 Summon Hydra             Summ           1%         N/A       100%        7


Dungeon Overview and Level Annotations

Branches:
Dungeon (9/15)             Temple (1/1) D:4            Lair (0/6) D:8
    Orc: D:9-12

Altars:
Ashenzari
Cheibriados
Dithmenos
Fedhas
Gozag
Hepliaklqana
Kikubaaqudgha
Makhleb
Nemelex Xobeh
Okawaru
Ru
Trog
Uskayaw
Vehumet
Wu Jian
Xom
Yredelemnul
Zin
Jiyva

Shops:
D:5 (

Annotations:
D:5 Duvessa


Innate Abilities, Weirdness & Mutations

You are a creature of crystalline ice.
You have a powerful freezing melee attack.
Your maximum health is increased.
Your armour is entirely melded.
You are incapable of wielding weapons or throwing items.
You cannot wear most types of armour.
You are amphibious.
You can wear up to eight rings at the same time.
((Your skin changes colour to match your surroundings (Stealth+).))
((Your rubbery body absorbs attacks. (AC +1, EV +1)))
((You are camouflaged when in or above water. (Stealth+)))
((You have tentacles for arms and can constrict up to eight enemies at once.))


Message History

The wyvern closely misses you. The acid dragon closely misses you. x2
You barely miss the iron imp. The wyvern bites you. The acid dragon bites you!
The acid dragon claws you but does no damage.
The wyvern bites you but does no damage.
Really quaff
M - 2 potions of heal wounds {!q!d}?
You feel much better.
The kobold demonologist hits you but does no damage.
The wyvern bites you. The acid dragon spits acid at you.
The splash of acid hits you!! The iron imp barely misses you.
The kobold demonologist gestures wildly while chanting.
You hear a shout!
A centaur warrior comes into view.
The centaur warrior shouts!
The wyvern bites you. The acid dragon bites you.
The acid dragon claws you but does no damage.
You barely miss the acid dragon.
The acid dragon is severely wounded.
The wyvern bites you but does no damage.
The kobold demonologist barely misses you.
The wyvern bites you!
* * * LOW HITPOINT WARNING * * *
Really quaff
M - a potion of heal wounds {!q!d}?
You feel much better. The ufetubus completely misses you.
The ufetubus barely misses you.
The kobold demonologist hits you but does no damage.
The acid dragon bites you but does no damage.
The acid dragon closely misses you. The wyvern bites you!
* * * LOW HITPOINT WARNING * * *
The kobold demonologist hits you but does no damage.
The iron imp misses you.
You are too confused!
The acid dragon spits acid at you. The splash of acid misses you.
The ufetubus hits you.
* * * LOW HITPOINT WARNING * * *
The ufetubus hits you but does no damage.
The wyvern closely misses you. The acid dragon spits acid at you.
The splash of acid hits you!
You die...

######.....#..##.#
#.....#..# .#
#.....#..# #
#.....# ##.
#.....# ...
#.....# ....
#.....#...#
#.....#...#
#.Y.5.....#
...#.5lD)....#.
......K5.)......
.....##$.....##.
##..###......##
...###....[...##
....##$..####...#
...###..######..#
.##[.# c .[##..


You could see a kobold demonologist, a wyvern, an acid dragon (catching breath),
an iron imp (summoned), a crimson imp (summoned) and an ufetubus (summoned).

Vanquished Creatures
  A shadow (D:9)
  A wyvern (D:9)
  Eustachio (D:4)
  2 wargs (D:8)
  Menkaure (D:5)
  A water moccasin (D:4)
  A necrophage (D:4)
  A black bear (D:6)
  An ogre (D:5)
  An orc warrior (D:8)
  2 sky beasts (D:7)
  A centaur (D:8)
  A phantom (D:5)
  2 kobold brigands
  The ghost of bnorton916 the Magician, an amateur DEFE (D:6)
  A bullfrog (D:6)
  2 scorpions (D:4)
  Dowan (D:5)
  9 wights
  A howler monkey (D:8)
  A crimson imp (D:8)
  4 orc priests
  2 jellies
  A bullfrog zombie (D:7)
  2 bullfrog skeletons (D:6)
  A gnoll shaman (D:4)
  2 iguanas
  7 orc wizards
  A hound zombie (D:5)
  8 gnolls
  6 adders
  A shadow imp (D:5)
  2 ufetubi (D:4)
  A worm (D:3)
  2 dart slugs
  22 orcs
  4 endoplasms
  2 giant cockroaches
  9 hobgoblins
  2 jackals (D:1)
  2 quokkas
  9 ball pythons
  2 bats (D:1)
  6 frilled lizards
  8 goblins
  8 kobolds
147 creatures vanquished.

Vanquished Creatures (others)
  2 withered plants (D:6)
2 creatures vanquished.

Grand Total: 149 creatures vanquished

Notes
Turn   | Place    | Note
-------+----------+-------------------------------------------
     0 | D:1      | buhh the Octopode Transmuter began the quest for the Orb.
     0 | D:1      | Reached XP level 1. HP: 13/13 MP: 3/3
    89 | D:1      | Reached XP level 2. HP: 13/19 MP: 5/5
   253 | D:1      | Reached skill level 2 in Fighting
  1346 | D:1      | Found a faded altar of an unknown god.
  1398 | D:2      | Reached XP level 3. HP: 25/25 MP: 4/6
  1614 | D:1      | Reached skill level 3 in Fighting
  1991 | D:2      | Found an ornate altar of the Wu Jian Council.
  2060 | D:2      | Learned a level 2 spell: Wereblood
  2099 | D:2      | Reached XP level 4. HP: 32/32 MP: 5/7
  2578 | D:2      | Reached skill level 4 in Fighting
  2977 | D:3      | Found a broken altar of Ashenzari.
  3639 | D:4      | Noticed a necrophage
  3787 | D:4      | Noticed a scorpion
  3787 | D:4      | Noticed a scorpion
  3862 | D:4      | Killed a necrophage
  3863 | D:4      | Reached XP level 5. HP: 24/38 MP: 8/8
  4110 | D:3      | Learned a level 3 spell: Spider Form
  4171 | D:4      | Reached XP level 6. HP: 14/44 MP: 5/9
  4395 | D:4      | Found an opulent altar of Gozag.
  4400 | D:4      | Found an opulent altar of Gozag.
  4400 | D:4      | Found an opulent altar of Gozag.
  4406 | D:4      | Found an opulent altar of Gozag.
  4613 | D:4      | Reached skill level 5 in Fighting
  5349 | D:4      | Noticed Eustachio
  5371 | D:5      | Entered Level 5 of the Dungeon
  5398 | D:5      | Reached XP level 7. HP: 39/50 MP: 7/10
  5504 | D:5      | Found Nics's Weapon Shop.
  5504 | D:5      | Noticed Dowan
  6148 | D:5      | Noticed Menkaure
  6169 | D:4      | Found a staircase to the Ecumenical Temple.
  6857 | D:6      | Found a runed translucent door.
  7005 | D:6      | Noticed bnorton916's ghost (amateur DEFE)
  7128 | D:6      | Found a basalt altar of Yredelemnul.
  7184 | D:6      | Found an iron altar of Okawaru.
  7201 | D:6      | Reached XP level 8. HP: 37/57 MP: 9/11
  7303 | D:6      | Found a sacrificial altar of Ru.
  7338 | D:6      | Learned a level 4 spell: Ice Form
  7389 | D:6      | Reached skill level 6 in Fighting
  7643 | D:6      | Found an ancient bone altar of Kikubaaqudgha.
  7647 | D:6      | Found a glowing silver altar of Zin.
  7650 | D:6      | Found a sparkling altar of Nemelex Xobeh.
  9185 | D:7      | Found a hide-covered altar of Uskayaw.
  9328 | D:7      | Found a hazy altar of Hepliaklqana.
  9614 | D:4      | Killed Eustachio
  9831 | D:5      | Killed Menkaure
 10318 | D:5      | Noticed Duvessa
 10328 | D:5      | Killed Dowan
 10329 | D:5      | Reached XP level 9. HP: 62/62 MP: 8/12
 10367 | D:6      | Killed bnorton916's ghost
 11269 | D:7      | Identified the +2 hunting sling of Pivvebulu {speed, rElec
                  | Str+3}
 11986 | D:8      | Reached skill level 7 in Fighting
 12003 | D:8      | Found a staircase to the Lair.
 12344 | Temple   | Entered the Ecumenical Temple
 12393 | Temple   | Became a worshipper of Cheibriados the Contemplative
 12811 | D:8      | Found a burning altar of Makhleb.
 12812 | D:8      | Found a radiant altar of Vehumet.
 13129 | D:9      | Identified the +3 dagger "Utavash" {vorpal, Str+3}
 13153 | D:9      | Learned a level 2 spell: Blink
 13228 | D:9      | Reached skill level 8 in Fighting
 13429 | D:9      | Noticed a kobold demonologist
 13429 | D:9      | Noticed a tengu warrior
 13440 | D:9      | Noticed a centaur warrior
 13443 | D:9      | Killed from afar by an acid dragon

Illustrated notes

Levels and vault maps discovered:
D:1:      matt_arrival_los_fun, layout_basic, dilly_ecumenical_altar_fadedgnrine
D:2:      layout_loops_ring, basic_altar
D:3:      layout_loops_ring, cheibrodos_ashenzari_chains
D:4:      layout_cave_pools, nicolae_gozag_conspicuous_consumption,
          temple_doors_e, uniq_eustachio
D:5:      layout_loops_corners, serial_shops, shop, dk_noncrumbling_2,
          uniq_duvessa, uniq_menkaure
D:6:      layout_basic, mainiacjoe_overflow_large_starburst,
          mainiacjoe_overflow_catwalk, grunt_temple_overflow_diamond,
          gammafunk_ghost_grave
D:7:      layout_loops_ring, amcnicky_altar_gilded,
          nicolae_hepliaklqana_hippocampus
D:8:      layout_rooms, grunt_temple_overflow_lords_of_destruction,
          erik_lair_orcish_takeover
D:9:      layout_stronghold, mainiacjoe_overflow_24_doors,
          minmay_mirror_moons_of_madness
Temple:   pf_slimified_temple

Skill      XL: |  1  2  3  4  5  6  7  8  9 |
---------------+----------------------------+-----
Stealth        | 1 |  1.0
Fighting       | 2 3 4 5 6 8 |  8.0
Transmutations | 3 5 6 7 |  7.2
Ice Magic      | 1 7 |  7.2
Unarmed Combat | 5 |  5.3
Dodging        | |  2.0
Spellcasting   | |  2.0

Action                   |  1- 3 |  4- 6 |  7- 9 || total
-------------------------+-------+-------+-------++-------
Melee: Unarmed           |    74 |   122 |   307 ||   503
       Constrict         |    19 |    24 |     8 ||    51
       Kick              |    18 |    37 |    14 ||    69
       Tentacles         |    12 |    30 |    11 ||    53
       Punch             |     2 |     4 |     2 ||     8
 Cast: Beastly Appendage |    19 |    32 |     9 ||    60
       Spider Form       |       |     3 |    12 ||    15
       Ice Form          |       |       |    35 ||    35
       Wereblood         |       |       |     1 ||     1
Evoke: Wand              |       |       |    10 ||    10
  Use: Scroll            |     2 |     1 |     3 ||     6
       Potion            |       |       |     6 ||     6
 Stab: Sleeping          |     5 |     5 |     2 ||    12
Armor: Skin              |    11 |     7 |    56 ||    74
Dodge: Dodged            |    43 |    68 |   221 ||   332
